 Seeded DCSS version 0.28-a0-1213-g0243856f03 (webtiles) character file.

Game seed: 20211222 (custom seed)

63 a11behringer the Shield-Bearer (level 4, 0/37 HPs)
             Began as a Formicid Fighter on Dec 22, 2021.
             Slain by a black bear (7 damage)
             ... on level 3 of the Dungeon.
             The game lasted 00:04:35 (2188 turns).

a11behringer the Shield-Bearer (Formicid Fighter)   Turns: 2188, Time: 00:04:36

Health: 0/37       AC:  6    Str: 22    XL:     4   Next: 31%
Magic:  4/4        EV:  9    Int:  8    God:
Gold:   110        SH:  4    Dex: 10    Spells: 3/3 levels left

rFire   . . .      SeeInvis +   a - +1 long sword
rCold   . . .      Faith    .   c - +0 buckler
rNeg    . . .      Spirit   .   b - +0 scale mail
rPois   .          Reflect  .   (helmet unavailable)
rElec   .          Harm     .   (no cloak)
rCorr   .          Rampage  .   (no gloves)
Will    .....                   (no boots)
Stlth   ..........              (no amulet)
HPRegen 0.12/turn               (no ring)
MPRegen 0.09/turn               (no ring)

@: mighty
A: permanent stasis, dig shafts and tunnels, antennae 3, four strong arms
a: Dig, Shaft Self


You were on level 3 of the Dungeon.
You visited 1 branch of the dungeon, and saw 3 of its levels.

You collected 110 gold pieces.

Inventory:

Hand Weapons
 a - a +1 long sword (weapon)
 h - a +0 hunting sling
Armour
 b - a +0 scale mail (worn)
 c - a +0 buckler (worn)
 g - a +0 tower shield
Jewellery
 k - a ring of flight
Wands
 f - a wand of digging (5)
Scrolls
 i - a scroll of enchant weapon
 j - a scroll of vulnerability {unknown}
Potions
 e - 2 potions of mutation {unknown}
 l - a potion of degeneration {unknown}
 m - a potion of curing {unknown}
 n - 3 potions of flight {unknown}
 o - a potion of lignification {unknown}


   Skills:
 + Level 3.7 Fighting
 * Level 3.3 Long Blades
 + Level 3.6 Armour
 + Level 0.1 Dodging
 + Level 4.0 Shields


You had 3 spell levels left.
You didn't know any spells.
Your spell library was empty.

Dungeon Overview and Level Annotations

Branches:
Dungeon (3/15)

Altars:


Innate Abilities, Weirdness & Mutations

You cannot be hasted, slowed, berserked, paralysed or teleported.
You can dig through walls and to a lower floor.
You have a pair of large antennae on your head. (SInv)
Your four strong arms can wield two-handed weapons with a shield.


Message History

A black bear comes into view.
You closely miss the orc.
The orc is heavily wounded.
The black bear growls angrily.
The orc hits you but does no damage. x2
You hit the orc.
You kill the orc!
Things that are here:
a +0 whip; a +0 leather armour; an orc corpse You feel very mighty all of a sudden.
You block the black bear's attack. The black bear claws you.
The black bear claws you but does no damage.
You barely miss the black bear. The black bear bites you.
The black bear claws you.
The black bear claws you but does no damage.
You slice the black bear!!
The black bear is severely wounded.
The black bear bites you.
The black bear claws you but does no damage.
The black bear closely misses you. The black bear bites you.
The black bear claws you but does no damage. x2
You hit the black bear.
The black bear is severely wounded.
The black bear goes berserk!
You closely miss the black bear.
The black bear is severely wounded.
The black bear bites you but does no damage.
The black bear claws you. You block the black bear's attack. x2
The black bear claws you. x2
* * * LOW HITPOINT WARNING * * *
You barely miss the black bear.
The black bear is severely wounded.
The black bear bites you.
* * * LOW HITPOINT WARNING * * *
You block the black bear's attack.
The black bear claws you but does no damage.
You barely miss the black bear.
The black bear is severely wounded.
The black bear bites you!
You die...

###.!....(..#
.)...$#.###.#
.......<.##.#
#####.....#.## #
#.........###.:##
#.................
##....>....###..##
##.....#.####....
##...##.@h...#
##.########.# #. #


You could see a black bear (berserk).

Vanquished Creatures
  2 adders (D:2)
  An orc (D:3)
  7 ball pythons
  5 endoplasms
  5 giant cockroaches
  4 goblins
  A hobgoblin (D:1)
  2 jackals (D:2)
  3 quokkas
  5 bats
  2 frilled lizards
  2 kobolds
  A rat (D:1)
40 creatures vanquished.

Notes
Turn   | Place    | Note
-------+----------+-------------------------------------------
     0 | D:1      | a11behringer the Formicid Fighter began the quest for the
                  | Orb.
     0 | D:1      | Reached XP level 1. HP: 18/18 MP: 1/1
   255 | D:1      | Reached XP level 2. HP: 24/24 MP: 2/2
   821 | D:1      | Reached XP level 3. HP: 26/29 MP: 3/3
   995 | D:2      | Reached skill level 4 in Shields
  1360 | D:2      | Reached XP level 4. HP: 34/37 MP: 4/4
  2178 | D:3      | Noticed a black bear
  2188 | D:3      | Slain by a black bear

Illustrated notes

Levels and vault maps discovered:
D:1:      heliophobic_arrival_battle_scene, layout_basic
D:2:      minmay_door_path, layout_loops_corners
D:3:      layout_loops_ring, basic_ecumenical_altar, uniq_grinder

Skill      XL: |  1  2  3 |
---------------+----------+-----
Shields        | 4 |  4.0
Long Blades    | 3 |  3.3
Fighting       | |  3.7
Armour         | |  3.6
Dodging        | |  0.1

Action                   |  1- 3 |  4- 6 || total
-------------------------+-------+-------++-------
Melee: Long sword        |    96 |    38 ||   134
  Use: Scroll            |     2 |       ||     2
       Potion            |       |     1 ||     1
Armor: Scale mail        |    52 |    25 ||    77
Dodge: Dodged            |    53 |    13 ||    66
Block: Buckler           |    29 |    13 ||    42

Table legend: (Time is in decaauts)
 A = Elapsed time spent in this place.
 B = Non-inter-level travel time spent in this place.
 C = Inter-level travel time spent in this place.
 D = Time resting spent in this place.
 E = Time spent auto-exploring this place.
 F = Levels seen in this place.
 G = Mean time per level.
                   A        B        C        D        E       F      G
               +--------+--------+--------+--------+--------+-----+--------+
         Total |   2222 |   1895 |    327 |      0 |   1577 |   3 |  740.7 |
       Dungeon |   2222 |   1895 |    327 |      0 |   1577 |   3 |  740.7 |
               +--------+--------+--------+--------+--------+-----+--------+

Top non-repeatable levels by time:
     D:2: 1297 daAuts
     D:1: 893 daAuts
     D:3: 31 daAuts
